cohdb
Replays
Latest Replays
All Replays
Popular Replays
Top Player Replays
Match Explorer
How It Works
Community
CoH3 Stats
Reddit
Sign in to upload your games and track your stats! →
Sign in with Steam
Match 42145067
Unlisted
Match 42145067
Overview
Messages
Build Orders
End
Royal Engineer Section
Vickers Machine Gun Team
Construct Section Command Post
Infantry Section
Infantry Section
ML 3-inch Mortar Team
Construct Platoon Command Post
Unlock Bishop Self-propelled Artillery
Bishop Self-propelled Artillery
Bishop Self-propelled Artillery
CMP 15cwt Truck
6-pounder Anti-tank Gun Team
Grenade Package
6-pounder Anti-tank Gun Team
[PD] PragerSchinken
Secret Chicken
DibbeTC
smg.GLORYnHALLELUJA
De.Z.Yang.Schmidt
wpedsa
Kroma_11
JaimeMR30
0
0
Comments
sign in to comment!
No comments posted yet!